 Dungeon Crawl Stone Soup version 0.27-a0-1501-g9d6fb14e67 (webtiles) character file.

Game seed: 1225483006669329228

67727 tyt555 the Brawler (level 14, -5/137 HPs)
             Began as a Troll Berserker on July 8, 2021.
             Was a High Priest of Trog.
             Slain by an ogre (11 damage)
             ... while paralysed by an ogre mage
             ... on level 2 of the Orcish Mines.
             The game lasted 01:24:18 (20220 turns).

tyt555 the Brawler (Troll Berserker)               Turns: 20220, Time: 01:24:18

Health: -5/137     AC:  6    Str: 30    XL:     14   Next: 84%
Magic:  13/13      EV:  1    Int:  3    God:    Trog [*****.]
Gold:   2582       SH:  0    Dex: 17    Spells: 13/13 levels left

rFire    + . .     SeeInvis .     - Unarmed
rCold    . . .     Faith    .   R - +0 tower shield
rNeg     . . .     Spirit   .   g - +2 robe {rF+}
rPois    .         Reflect  .   (helmet restricted)
rElec    .         Harm     .   O - scarf {shadows}
rCorr    .         Rampage  .   (gloves unavailable)
Will     +....                  (boots unavailable)
Stlth    ++........             T - amulet of regeneration
HPRegen  2.32/turn              N - +6 ring of dexterity
MPRegen  0.13/turn              b - +4 ring of evasion

@: paralysed, on berserk cooldown, slowed
A: large, unfitting armour, claws 3, regeneration 1, shaggy fur 1, tough skin 1
a: Renounce Religion, Berserk, Trog's Hand, Brothers in Arms


You were on level 2 of the Orcish Mines.
You worshipped Trog.
Trog was extremely pleased with you.
You visited 3 branches of the dungeon, and saw 20 of its levels.
You also visited: Ossuary.

You collected 2976 gold pieces.
You spent 394 gold pieces at shops.

Inventory:

Hand Weapons
 i - a +5 club
Missiles
 H - 7 curare-tipped darts
 L - 8 large rocks (quivered)
 U - a throwing net
Armour
 g - a +2 robe of fire resistance (worn)
 C - +0 acid dragon scales
 O - a scarf of shadows (worn)
 R - a +0 tower shield (worn)
Jewellery
 b - a +4 ring of evasion (right claw)
 h - a +4 ring of evasion
 D - a +6 ring of dexterity
 E - an amulet of guardian spirit
 M - a ring of resist corrosion
 N - a +6 ring of dexterity (left claw)
 S - a ring of magical power
 T - an amulet of regeneration (around neck)
Wands
 n - a wand of paralysis (9)
 A - a wand of iceblast (16)
 B - a wand of digging (6)
 F - a wand of acid (2)
 P - a wand of flame (19)
 Y - a wand of polymorph (10)
Scrolls
 c - 3 scrolls of blinking
 f - 5 scrolls of identify
 j - 2 scrolls of enchant armour {unknown}
 k - a scroll of brand weapon {unknown}
 l - 3 scrolls of amnesia {unknown}
 p - 3 scrolls of magic mapping
 t - 5 scrolls of noise
 u - a scroll of vulnerability {unknown}
 x - 5 scrolls of fear
 y - 7 scrolls of teleportation
 G - 4 scrolls of immolation
 I - 3 scrolls of enchant weapon {unknown}
 J - 2 scrolls of holy word {unknown}
 Q - a scroll of silence
 Z - a scroll of fog {unknown}
Potions
 a - a potion of magic {unknown}
 d - 2 potions of brilliance
 e - 9 potions of curing
 m - 2 potions of resistance
 o - a potion of mutation {unknown}
 q - 3 potions of lignification
 r - 3 potions of might
 s - 3 potions of haste
 v - 2 potions of attraction
 w - 4 potions of heal wounds
 z - a potion of flight
 K - a potion of experience {unknown}
 V - a potion of berserk rage {unknown}
Miscellaneous
 W - a lightning rod (4/4)


   Skills:
 + Level 8.6 Fighting
 - Level 3.0 Armour
 + Level 4.6 Dodging
 - Level 0.3 Stealth
 + Level 9.1 Shields
 - Level 20.0 Unarmed Combat
 - Level 0.1 Evocations


You had 13 spell levels left.
You didn't know any spells.
Your spell library was empty.

Dungeon Overview and Level Annotations

Branches:
Dungeon (12/15)            Temple (0/1) D:4            Lair (6/6) D:9
  Swamp (0/4) Lair:4       Spider (0/4) Lair:4        Slime (0/5) Lair:5
    Orc (2/2) D:12            Elf (0/3) Orc:2       Ossuary (visited)

Altars:
Cheibriados
Makhleb
Beogh
Jiyva

Shops:
D:9 (   D:10 *?   Orc:1 *


Innate Abilities, Weirdness & Mutations

You are too large for most types of armour.
You have claws for hands.
Your natural rate of healing is unusually fast.
You are covered in fur. (AC +1)
You have tough skin. (AC +1)


Message History

You mangle the ogre!!
You kill the ogre!
Trog accepts your kill.
An ogre comes into view. It is wielding a +0 giant club.
You eviscerate the ogre!!!
You kill the ogre!
Trog accepts your kill. Something hits you but does no damage.
Something hits you!
* * * LOW HITPOINT WARNING * * *
You block the ogre's attack.
You scratch the ogre.
The ogre is lightly wounded.
You are no longer berserk.
You are exhausted.
You feel yourself slow down.
You feel much better. Something hits you!
The ogre hits you with a +0 giant club.
* * * LOW HITPOINT WARNING * * *
You hear some strange, mumbled words.
The two-headed ogre seems to speed up.
You block the ogre's attack. Something hits you!
* * * LOW HITPOINT WARNING * * *
Something hits you!
* * * LOW HITPOINT WARNING * * *
The ogre barely misses you.
Blink to where?
Press: ? - help, Dir - move target
As you read the scroll of blinking, it crumbles to dust.
You feel much better.
The two-headed ogre completely misses you.
The two-headed ogre hits you with a +0 giant spiked club!
* * * LOW HITPOINT WARNING * * *
You hear some strange, mumbled words.
You suddenly lose the ability to move!
The two-headed ogre hits you with a +0 giant spiked club!!
* * * LOW HITPOINT WARNING * * *
The two-headed ogre hits you with a +0 giant spiked club!
* * * LOW HITPOINT WARNING * * *
The ogre hits you with a +0 giant spiked club!
You die...

..............#.#.......
.................#......
.....)............#.#...
....)).............###.#
#...).#........#..#####.
##.....#......###..#.##
#.##..........##......#
..........#...........##
...#.......#....@O.....##
..###.....#......O......#
######.####....#.......##
###.#.## #........OO....##
.......# #..........O....#
....#..####......##O)...##
.........####.####.)))..##
..........##.. ##.##...##
.......#.#### ###)OO..#


You could see a two-headed ogre (fast) and 5 ogres.

Vanquished Creatures
  Josephine (D:12)
  3 hydras
  2 ogre magi (Orc:2)
  4 catoblepae
  The ghost of fly the Impaler, a journeyman HuDe of Uskayaw (D:9)
  The ghost of UristMcRaven the Nimble, a journeyman OpCj of Vehumet (Lair:1)
  5 two-headed ogres
  A death knight (D:10)
  12 death yaks
  Nergalle (D:12)
  2 skeletal warriors (D:11)
  A phantasmal warrior (D:11)
  4 oklob plants (Lair:4)
  2 orc sorcerers
  An ugly thing (D:9)
  A cyclops (D:11)
  2 manticores (Lair:6)
  Maurice (D:12)
  3 elephants (Lair:2)
  5 black mambas
  10 cane toads
  A torpor snail (Lair:6)
  Maggie (D:6)
  3 rime drakes
  An unseen horror (D:12)
  9 komodo dragons
  A kobold demonologist (D:9)
  A freezing wraith (D:9)
  4 trolls
  A jumping spider (Lair:4)
  2 hornets (D:10)
  Grinder (D:6)
  2 slime creatures (D:12)
  23 blink frogs
  16 dream sheep
  A redback (Lair:4)
  13 wraiths
  6 wyverns
  31 yaks
  3 basilisks
  Grum (D:9)
  3 vampire mosquitoes (D:12)
  A steam dragon (D:7)
  Menkaure (D:4)
  5 wargs
  2 acid dragons (D:11)
  15 water moccasins
  Duvessa (D:6)
  12 orc warriors
  A sky beast (D:7)
  4 black bears
  A necrophage (D:7)
  22 wolves
  13 ogres
  A phantom (D:6)
  9 centaurs
  A kobold brigand (D:9)
  Blork the orc (D:6)
  10 bullfrogs
  3 scorpions
  Dowan (D:6)
  A water moccasin zombie (D:5)
  A water moccasin skeleton (D:5)
  8 killer bees
  3 wights (D:7)
  An electric eel (Lair:6)
  2 howler monkeys
  A bullfrog zombie (D:6)
  4 centaur zombies
  A hound (D:4)
  2 centaur skeletons
  A human zombie (Ossuary)
  5 jellies
  10 orc priests
  A gnoll shaman (D:10)
  3 bullfrog skeletons
  Jessica (D:3)
  2 iguanas
  18 orc wizards
  4 mummies (Ossuary)
  2 howler monkey zombies
  5 gnolls (D:10)
  9 adders
  A howler monkey skeleton (D:6)
  A river rat (Lair:2)
  2 shadow imps (D:5)
  A white imp (D:5)
  An ufetubus (D:4)
  3 worms
  A dart slug (D:1)
  91 orcs
  6 endoplasms
  2 giant cockroaches
  A gnoll zombie (Ossuary)
  10 goblins
  11 hobgoblins
  9 jackals
  11 kobolds
  2 quokkas
  7 ball pythons
  7 bats
  10 frilled lizards
  A goblin zombie (Ossuary)
  A hobgoblin zombie (Ossuary)
  2 orc zombies (Ossuary)
  3 rats
560 creatures vanquished.

Vanquished Creatures (collateral kills)
  5 hydras
  2 death yaks (Lair:6)
  A lindwurm (Lair:6)
  An elephant (Lair:2)
  3 slime creatures (D:12)
  A shadow (D:12)
  4 yaks (Lair:6)
  A water moccasin (Lair:2)
  2 bullfrogs
20 creatures vanquished.

Vanquished Creatures (others)
  25 fungi
  58 plants
83 creatures vanquished.

Grand Total: 663 creatures vanquished

Notes
Turn   | Place    | Note
-------+----------+-------------------------------------------
     0 | D:1      | tyt555 the Troll Berserker began the quest for the Orb.
     0 | D:1      | Reached XP level 1. HP: 22/22 MP: 0/0
    75 | D:1      | Reached XP level 2. HP: 29/29 MP: 1/1
   507 | D:2      | Reached XP level 3. HP: 36/36 MP: 2/2
   520 | D:2      | Reached ** piety under Trog
   884 | D:2      | Found a faded altar of an unknown god.
   891 | D:2      | Reached XP level 4. HP: 39/44 MP: 3/3
  1129 | D:3      | Reached skill level 4 in Unarmed Combat
  1159 | D:3      | Noticed Jessica
  1181 | D:3      | Killed Jessica
  1424 | D:3      | Reached XP level 5. HP: 50/52 MP: 4/4
  2064 | D:4      | Found a staircase to the Ecumenical Temple.
  2089 | D:4      | Reached skill level 5 in Unarmed Combat
  2106 | D:4      | Noticed Menkaure
  2116 | D:4      | Killed Menkaure
  2116 | D:4      | Reached *** piety under Trog
  2117 | D:4      | Reached XP level 6. HP: 61/61 MP: 5/5
  2985 | D:5      | Entered Level 5 of the Dungeon
  2985 | D:5      | Found a burning altar of Makhleb.
  3266 | D:5      | Found a sand-covered staircase.
  3271 | Ossuary  | Entered an ossuary
  3733 | Ossuary  | Reached skill level 6 in Unarmed Combat
  3813 | Ossuary  | Reached XP level 7. HP: 64/67 MP: 6/6
  4259 | D:5      | Reached skill level 7 in Unarmed Combat
  4506 | D:5      | Reached skill level 8 in Unarmed Combat
  4513 | D:5      | Reached XP level 8. HP: 54/75 MP: 7/7
  4854 | D:6      | Reached skill level 9 in Unarmed Combat
  4962 | D:6      | Reached **** piety under Trog
  4963 | D:6      | Noticed Dowan
  4963 | D:6      | Noticed Duvessa
  4975 | D:6      | Killed Duvessa
  4980 | D:6      | Killed Dowan
  5032 | D:6      | Noticed Maggie
  5048 | D:6      | Noticed Blork the orc
  5048 | D:6      | Killed Maggie
  5049 | D:6      | Reached skill level 10 in Unarmed Combat
  5055 | D:6      | Killed Blork the orc
  5205 | D:6      | Reached XP level 9. HP: 84/84 MP: 8/8
  5422 | D:6      | Noticed Grinder
  5424 | D:6      | Paralysed by Grinder for 3 turns
  5432 | D:6      | Killed Grinder
  5433 | D:6      | Reached skill level 11 in Unarmed Combat
  6118 | D:7      | Identified the +2 leather armour of Qerurut {-Tele rPois
                  | rN++ rCorr}
  6216 | D:7      | Reached skill level 1 in Armour
  6216 | D:7      | Reached skill level 12 in Unarmed Combat
  6944 | D:8      | Reached ***** piety under Trog
  6947 | D:8      | Reached XP level 10. HP: 94/94 MP: 9/9
  7129 | D:9      | Reached skill level 13 in Unarmed Combat
  7211 | D:9      | Noticed a green ugly thing
  7240 | D:9      | Killed a green ugly thing
  7301 | D:9      | Noticed Grum
  7315 | D:9      | Killed Grum
  7316 | D:9      | Reached skill level 14 in Unarmed Combat
  7454 | D:9      | Found a runed translucent gate.
  7456 | D:9      | Found a runed translucent gate.
  7456 | D:9      | Found a runed translucent gate.
  7456 | D:9      | Noticed fly's ghost (journeyman HuDe)
  7480 | D:9      | Found Kaykyel's Antique Weapon Shoppe.
  7558 | D:9      | You fall into a shaft and drop 1 floor!
  7558 | D:10     | Entered Level 10 of the Dungeon
  7625 | D:10     | Noticed a two-headed ogre
  7666 | D:10     | Killed a two-headed ogre
  7959 | D:10     | Reached XP level 11. HP: 93/101 MP: 10/10
  8163 | D:10     | Found Veocroma's Magic Scroll Shop.
  8168 | D:10     | Bought a scroll of identify for 24 gold pieces
  8168 | D:10     | Bought a scroll of teleportation for 36 gold pieces
  8168 | D:10     | Bought a scroll of teleportation for 36 gold pieces
  8168 | D:10     | Bought a scroll of identify for 24 gold pieces
  8168 | D:10     | Bought a scroll of blinking for 90 gold pieces
  8340 | D:10     | Found Gafrump's Assorted Antiques.
  8343 | D:10     | Bought a scroll labelled ZOKHLU JUWOTO for 23 gold pieces
  8343 | D:10     | Bought a scroll of identify for 46 gold pieces
  8343 | D:10     | Bought a potion of heal wounds for 115 gold pieces
  8898 | D:9      | Found a staircase to the Lair.
  8910 | D:9      | Reached skill level 15 in Unarmed Combat
  9181 | D:9      | Killed fly's ghost
  9182 | D:9      | Reached skill level 5 in Fighting
  9476 | D:11     | Noticed a phantasmal warrior
  9477 | D:11     | Noticed a skeletal warrior
  9480 | D:11     | Killed a phantasmal warrior
  9482 | D:11     | Noticed a death knight
  9484 | D:11     | Noticed a skeletal warrior
  9485 | D:11     | Killed a skeletal warrior
  9542 | D:11     | Reached skill level 16 in Unarmed Combat
  9547 | D:10     | Killed a death knight
  9713 | D:11     | Killed a skeletal warrior
  9796 | D:11     | Noticed a two-headed ogre
  9802 | D:11     | Killed a two-headed ogre
  9802 | D:11     | Received a gift from Trog
 10017 | D:11     | Noticed an eight-headed hydra
 10049 | D:11     | Killed an eight-headed hydra
 11097 | Lair:1   | Entered Level 1 of the Lair of Beasts
 11109 | Lair:1   | Reached XP level 12. HP: 111/111 MP: 11/11
 11122 | Lair:1   | Reached skill level 17 in Unarmed Combat
 11262 | Lair:1   | Found a runed translucent gate.
 11262 | Lair:1   | Found a runed translucent gate.
 11262 | Lair:1   | Found a runed translucent gate.
 11263 | Lair:1   | Noticed UristMcRaven's ghost (journeyman OpCj)
 11378 | Lair:1   | Killed UristMcRaven's ghost
 11991 | Lair:2   | Noticed a catoblepas
 12006 | Lair:2   | Killed a catoblepas
 12249 | Lair:2   | Reached skill level 18 in Unarmed Combat
 12678 | Lair:2   | Noticed a four-headed hydra
 12704 | Lair:1   | Killed a four-headed hydra
 13301 | Lair:3   | Reached XP level 13. HP: 114/123 MP: 12/12
 13510 | Lair:3   | Reached skill level 19 in Unarmed Combat
 14290 | Lair:4   | Found a staircase to the Swamp.
 14857 | Lair:4   | Found a hole to the Spider Nest.
 15089 | Lair:4   | Reached skill level 1 in Shields
 15539 | Lair:5   | Found a staircase to the Slime Pits.
 15539 | Lair:5   | Found a viscous altar of Jiyva.
 16036 | Lair:6   | Entered Level 6 of the Lair of Beasts
 17311 | Lair:6   | Reached XP level 14. HP: 100/135 MP: 13/13
 17316 | Lair:6   | Reached skill level 5 in Shields
 17485 | Lair:6   | Identified a scroll of acquirement
 17501 | Lair:6   | Acquired 888 gold pieces
 17575 | Lair:6   | Reached skill level 20 in Unarmed Combat
 18701 | D:12     | Noticed Maurice
 18707 | D:12     | Killed Maurice
 18719 | D:12     | Noticed Nergalle
 18725 | D:12     | Killed Nergalle
 18757 | D:12     | Found a staircase to the Orcish Mines.
 18763 | D:12     | Noticed Josephine
 18781 | D:12     | Killed Josephine
 19267 | D:12     | Found a snail-covered altar of Cheibriados.
 19334 | Orc:1    | Entered Level 1 of the Orcish Mines
 19370 | Orc:1    | Found Eluhox Fush's Overcharged Wands.
 19938 | Orc:2    | Entered Level 2 of the Orcish Mines
 19938 | Orc:2    | Found a staircase to the Elven Halls.
 19992 | Orc:2    | Paralysed by an orc sorcerer for 2 turns
 20219 | Orc:2    | Paralysed by something for 5 turns
 20219 | Orc:2    | HP: 4/137 [two-headed ogre (9)]
 20220 | Orc:2    | Slain by an ogre

Illustrated notes

Levels and vault maps discovered:
D:1:      dpeg_arrival_solitude, layout_basic, hangedman_decor_peaks_small
D:2:      layout_rooms, hellmonk_ecumenical_altar_prayer_group
D:3:      layout_basic, dk_noncrumbling_4, uniq_jessica
D:4:      layout_rooms, minmay_temple_entry_junction, uniq_menkaure
D:5:      layout_basic, mainiacjoe_overflow_small_starburst, enter_ossuary_2,
          minmay_lizard_king
D:6:      layout_basic, minmay_misc_feat_enclosed, chequers_decorated_corner,
          grunt_ministairs_4, corexii_leaking_fountain, grunt_decor_cap,
          uniq_duvessa, uniq_blork_the_orc, uniq_maggie, uniq_grinder
D:7:      layout_loops_ring
D:8:      layout_basic, kennysheep_generic_room_9
D:9:      layout_long_grid, david_lair_shrubbed, gammafunk_ghost_spectres,
          serial_shops, nicolae_shop_behind_doors, special_room
          [special_room_orc], uniq_grum
D:10:     layout_basic, serial_shops, kennysheep_mini, kennysheep_little_box
D:11:     layout_irregular_city, st_stairs_7, centaur_isle
D:12:     layout_cave_pools, david_orc_1_choice, chei_slow_surprise,
          uniq_maurice, uniq_josephine, uniq_nergalle
Lair:1:   layout_gridlike, ebering_ghost_rock_garden
Lair:2:   layout_hall_layers, pond
Lair:3:   layout_cave_pods
Lair:4:   layout_cave_pods, swamp_mist, spider_nest_entry_funnel_web,
          minmay_lair_oklob_chamber, grunt_megastairs_2
Lair:5:   layout_misc_corridors, slime_altar_1, gammafunk_lair_bear_cave,
          lemuel_fruit_tree, uniq_urug
Lair:6:   evilmike_catoblepas_cave, layout_small_grid, grunt_megastairs_1,
          serial_bayou_shore_a
Orc:1:    layout_caves, basic_altar, nicolae_shop_overcharged_wands
Orc:2:    st_orc_ogre_mass, layout_caves

Skill      XL: |  1  2  3  4  5  6  7  8  9 10 11 12 13 14 |
---------------+-------------------------------------------+-----
Dodging        | 3 4 |  4.6
Unarmed Combat | 4 5 6 8 10 12 14 16 18 19 20 | 20.0
Fighting       | 3 4 5 6 7 8 |  8.6
Armour         | 1 3 |  3.0
Shields        | 4 9 |  9.1
Stealth        | |  0.3
Evocations     | |  0.1

Action                   |  1- 3 |  4- 6 |  7- 9 | 10-12 | 13-15 || total
-------------------------+-------+-------+-------+-------+-------++-------
Melee: Unarmed           |    97 |   161 |   244 |   434 |   553 ||  1489
       Punch             |     3 |     5 |    14 |    33 |    18 ||    73
       Club              |       |       |       |    45 |    33 ||    78
Throw: Large rock        |       |       |       |     3 |    11 ||    14
Invok: Berserk           |       |     3 |     5 |    22 |    16 ||    46
       Trog's Hand       |       |       |     1 |     5 |     7 ||    13
       Brothers in Arms  |       |       |       |     4 |     9 ||    13
Evoke: Wand              |       |       |     1 |     3 |     5 ||     9
  Use: Scroll            |       |       |       |    11 |     9 ||    20
       Potion            |       |       |       |     6 |     2 ||     8
 Stab: Distracted        |       |       |     1 |     1 |     1 ||     3
       Sleeping          |       |       |       |       |     2 ||     2
Armor: Animal skin       |    43 |    26 |     9 |       |       ||    78
       Acid dragon scale |       |       |    14 |   162 |   122 ||   298
       Skin              |       |       |       |    22 |       ||    22
       Robe              |       |       |       |       |    12 ||    12
Dodge: Dodged            |    65 |   155 |   138 |   480 |   152 ||   990
Block: Tower shield      |       |       |       |       |   500 ||   500

Table legend: (Time is in decaauts)
 A = Elapsed time spent in this place.
 B = Non-inter-level travel time spent in this place.
 C = Inter-level travel time spent in this place.
 D = Time resting spent in this place.
 E = Time spent auto-exploring this place.
 F = Levels seen in this place.
 G = Mean time per level.
                   A        B        C        D        E       F      G
               +--------+--------+--------+--------+--------+-----+--------+
         Total |  20445 |  20167 |    278 |   3815 |  10660 |  21 |  973.6 |
       Dungeon |  11350 |  11162 |    188 |   1970 |   5703 |  12 |  945.8 |
          Lair |   7603 |   7513 |     90 |   1403 |   4441 |   6 | 1267.2 |
  Orcish Mines |    869 |    869 |      0 |     41 |    515 |   2 |  434.5 |
       Ossuary |    622 |    622 |      0 |    400 |      0 |   1 |  622.0 |
               +--------+--------+--------+--------+--------+-----+--------+

Top non-repeatable levels by time:
  Lair:6: 1820 daAuts
    D:10: 1695 daAuts
  Lair:4: 1506 daAuts
    D:11: 1492 daAuts
  Lair:5: 1270 daAuts
  Lair:2: 1141 daAuts
     D:5: 1127 daAuts
     D:7: 1098 daAuts
     D:4: 1004 daAuts
  Lair:3: 988 daAuts
     D:3: 976 daAuts
     D:9: 961 daAuts
  Lair:1: 875 daAuts
     D:6: 797 daAuts
    D:12: 719 daAuts
